 Dungeon Crawl Stone Soup version 0.27-a0-1026-gbab068f60c (webtiles) character file.

Game seed: 2316884425343953195

3139 mostroi the Skirmisher (level 9, 0/71 HPs)
             Began as a Demonspawn Fighter on Apr 18, 2021.
             Was a Follower of Okawaru.
             Slain by a wolf (3 damage)
             ... led by Grum
             ... on level 8 of the Dungeon.
             The game lasted 00:41:13 (11014 turns).

mostroi the Skirmisher (Demonspawn Fighter)        Turns: 11014, Time: 00:41:13

Health: 0/71       AC: 15    Str: 18      XL:     9   Next: 61%
Magic:  18/18      EV:  9    Int: 14 (15) God:    Okawaru [*.....]
Gold:   361        SH:  5    Dex: 13 (15) Spells: 7/8 levels left

rFire    x . .     SeeInvis .   j - +6 long sword
rCold    + . .     Faith    .   d - +0 buckler of the Bagpipe {rElec rF- Int+4}
rNeg     . . .     Spirit   .   m - +2 chain mail {rC+}
rPois    .         Reflect  .   (helmet restricted)
rElec    +         Harm     .   n - +2 cloak
rCorr    +         Rampage  .   (no gloves)
Will     .....                  (no boots)
Stlth    ..........             (no amulet)
HPRegen  0.21/turn              f - ring of resist corrosion
MPRegen  0.16/turn              l - ring of magical power

@: no status effects
A: horns 2, powered by pain 1, big brain 1, demonic magic 1
a: Renounce Religion, Heroism


You were on level 8 of the Dungeon.
You worshipped Okawaru.
Okawaru was aware of your devotion.
You visited 2 branches of the dungeon, and saw 9 of its levels.

You collected 361 gold pieces.

Inventory:

Hand Weapons
 a - a +0 rapier
 g - a +1 short sword of freezing
 j - a +6 long sword (weapon)
Armour
 b - a +1 scale mail
 c - a +0 kite shield
 d - the +0 buckler of the Bagpipe (worn) {rElec rF- Int+4}
   (You found it on level 4 of the Dungeon)

   It affects your intelligence (+4).
   It makes you vulnerable to fire.
   It insulates you from electricity.
 m - a +2 chain mail of cold resistance (worn)
 n - a +2 cloak (worn)
Jewellery
 f - a ring of resist corrosion (left hand)
 k - a ring of protection from cold
 l - a ring of magical power (right hand)
 o - a ring of magical power
Scrolls
 e - 6 scrolls of identify
 p - a scroll of magic mapping
 q - a scroll of immolation
Potions
 h - a potion of might
 i - a potion of attraction


   Skills:
 * Level 6.9 Fighting
 - Level 6.2 Short Blades
 + Level 0.3(3.8) Long Blades
 + Level 6.7 Armour
 * Level 4.8 Dodging
 + Level 1.2 Stealth
 + Level 5.0 Shields


You had 7 spell levels left.
You knew the following spells:

 Your Spells              Type           Power      Damage    Failure   Level
a - Animate Skeleton      Necr           0%         N/A       97%         1

Your spell library contained the following spells:

 Spells                   Type           Power      Damage    Failure   Level
 Pain                     Necr           0%         1d4       97%         1
 Vampiric Draining        Necr           0%         2d6       100%        3
 Animate Dead             Necr           0%         N/A       100%        4
 Agony                    Necr           0%         N/A       100%        5


Dungeon Overview and Level Annotations

Branches:
Dungeon (8/15)             Temple (1/1) D:6
   Lair: D:8-11

Altars:
Cheibriados
Elyvilon
Fedhas
Gozag
Hepliaklqana
Nemelex Xobeh
Okawaru
Qazlal
Ru
Sif Muna
Trog
Uskayaw
Vehumet
Xom
Yredelemnul
Zin
The Shining One

Shops:
D:6 ?


Innate Abilities, Weirdness & Mutations

You have a pair of horns on your head.
You sometimes gain a little power by taking damage.
You have an unusually large brain. (Int +2)
Spells you cast may paralyse adjacent enemies.


Message History

The wolf closely misses you. Grum barely misses you.
You block the wolf's attack. Grum hits you with a -2 spear!
* * * LOW HITPOINT WARNING * * *
Okay, then.
You hit Grum.
Grum is severely wounded.
The wolf completely misses you. The wolf barely misses you.
Grum hits you with a -2 spear!
* * * LOW HITPOINT WARNING * * *
You slash Grum!
You kill Grum!
Okawaru accepts your kill. The wolf bites you but does no damage.
The wolf closely misses you.
An ice beast comes into view.
The wolf bites you but does no damage.
You feel your dexterity returning.
Your life force feels restored.
Blink to where?
Press: ? - help, Dir - move target
As you read the scroll of blinking, it crumbles to dust.
Things that are here:
a +0 halberd; a +0 robe
Items here: )) [[[.
You slash the wolf!
The wolf is heavily wounded.
The wolf bites you but does no damage. The wolf barely misses you.
You slash the wolf!
You kill the wolf!
Okawaru accepts your kill. The wolf bites you.
* * * LOW HITPOINT WARNING * * *
You closely miss the wolf. Your headbutt misses the wolf.
The wolf closely misses you. The wolf bites you.
* * * LOW HITPOINT WARNING * * *
You hit the wolf but do no damage. You headbutt the wolf.
The wolf is lightly wounded.
The wolf barely misses you. You block the wolf's attack.
You slash the wolf!
The wolf is heavily wounded.
The wolf barely misses you. The wolf bites you.
You die...

.(...........[...#
..........##.###.#
[........#......#
#.#.##.##..###.#
#...##.##h...#.#
#......##.##.#.#
#..<...##.##...#
#......##).....#
#......@h.)....#
#.....#######.##
####### #.# #.#
#.# #.# #.# #.#
..#


You could see a wolf.

Vanquished Creatures
  Grum (D:8)
  Menkaure (D:7)
  2 water moccasins
  An ice beast (D:7)
  3 black bears
  2 ogres
  2 wolves (D:8)
  A centaur (D:6)
  3 scorpions
  A wyvern skeleton (D:6)
  3 jellies (D:6)
  5 wights (D:8)
  2 centaur zombies
  5 hounds
  A bullfrog skeleton (D:7)
  Crazy Yiuf (D:5)
  A centaur skeleton (D:7)
  2 orc priests
  2 gnoll shamans (D:6)
  A scorpion zombie (D:5)
  Natasha (thrice) (D:3)
  An iguana (D:3)
  An orc wizard (D:5)
  16 gnolls
  9 adders
  5 river rats (D:4)
  2 ufetubi
  2 worms (D:4)
  3 dart slugs
  18 orcs
  11 ball pythons
  7 endoplasms
  A giant cockroach (D:3)
  10 goblins
  8 hobgoblins
  13 jackals
  A quokka (D:2)
  7 bats
  2 frilled lizards (D:3)
  8 kobolds
  14 rats
182 creatures vanquished.

Vanquished Creatures (others)
  An orc wizard (D:6)
1 creature vanquished.

Grand Total: 183 creatures vanquished

Notes
Turn   | Place    | Note
-------+----------+-------------------------------------------
     0 | D:1      | mostroi the Demonspawn Fighter began the quest for the Orb.
     0 | D:1      | Reached XP level 1. HP: 18/18 MP: 1/1
   122 | D:1      | Gained mutation: You sometimes gain a little power by
                  | taking damage. [demonic ancestry]
   122 | D:1      | Reached XP level 2. HP: 11/24 MP: 2/2
  1089 | D:1      | Reached XP level 3. HP: 29/29 MP: 3/3
  2141 | D:2      | Found a faded altar of an unknown god.
  2386 | D:2      | Gained mutation: You have a pair of small horns on your
                  | head. [demonic ancestry]
  2386 | D:2      | Reached XP level 4. HP: 18/35 MP: 4/4
  3012 | D:3      | Reached skill level 1 in Dodging
  3186 | D:3      | Gained mutation: You have a pair of horns on your head.
                  | [demonic ancestry]
  3186 | D:3      | Reached XP level 5. HP: 13/42 MP: 5/5
  3450 | D:3      | Noticed Natasha
  3461 | D:3      | Killed Natasha
  3464 | D:3      | Found a bloodstained altar of Trog.
  3478 | D:3      | Noticed Natasha
  3486 | D:3      | Killed Natasha
  3540 | D:3      | Noticed Natasha
  3549 | D:3      | Killed Natasha
  4180 | D:4      | Gained mutation: Spells you cast may paralyse adjacent
                  | enemies. [demonic ancestry]
  4180 | D:4      | Reached XP level 6. HP: 42/48 MP: 6/6
  4507 | D:4      | Identified the +0 buckler of the Bagpipe {rElec rF- Int+4}
  4781 | D:4      | You fall into a shaft and drop 3 floors!
  4796 | D:7      | Noticed an ice beast
  4809 | D:7      | Killed an ice beast
  4810 | D:7      | Reached XP level 7. HP: 28/55 MP: 7/7
  4989 | D:7      | Noticed Menkaure
  4997 | D:7      | Killed Menkaure
  5873 | D:6      | Reached skill level 5 in Fighting
  5873 | D:6      | Reached XP level 8. HP: 46/62 MP: 8/8
  6057 | D:6      | Reached skill level 1 in Stealth
  6320 | D:6      | Found a staircase to the Ecumenical Temple.
  6352 | D:6      | Reached skill level 5 in Armour
  6363 | Temple   | Entered the Ecumenical Temple
  6477 | Temple   | Became a worshipper of Warmaster Okawaru
  7260 | D:6      | Reached skill level 5 in Short Blades
  7579 | D:6      | Found Daqos's Magic Scroll Emporium.
  7869 | D:6      | HP: 3/64 [orc priest/divine providence (8)]
  7886 | D:6      | Learned a level 1 spell: Animate Skeleton
  7940 | D:6      | Reached * piety under Okawaru
  7941 | D:6      | Gained mutation: You have an unusually large brain. (Int
                  | +2) [demonic ancestry]
  7941 | D:6      | Reached XP level 9. HP: 21/69 MP: 9/9
  8490 | D:5      | Entered Level 5 of the Dungeon
  8843 | D:5      | Found a runed translucent door.
  8844 | D:5      | Noticed Crazy Yiuf
  8856 | D:5      | Killed Crazy Yiuf
  9966 | D:4      | Found a sacrificial altar of Ru.
  9993 | D:4      | Found a shimmering altar of Xom.
 10665 | D:7      | Found a blossoming altar of Fedhas.
 10795 | D:8      | Reached skill level 5 in Shields
 10988 | D:8      | Noticed Grum
 11002 | D:8      | HP: 2/69 [Grum/-2 spear (7)]
 11003 | D:8      | Killed Grum
 11011 | D:8      | HP: 3/71 [wolf[Grum] (1)]
 11014 | D:8      | Slain by a wolf

Illustrated notes

Levels and vault maps discovered:
D:1:      wander_arrival_peaceful_grave, layout_loops_ring
D:2:      layout_basic, serial_forest, infiniplex_forest_lined_room_2,
          infiniplex_forest_zigzag_1, infiniplex_forest_zigzag_1,
          infiniplex_forest_lined_room_, shapermc_ecumenical_altar_mp_vishouse
D:3:      minmay_inner_zag, layout_rooms, lemuel_round_altar,
          kennysheep_generic_room_14, uniq_natasha
D:4:      layout_layer_cave, minmay_overflow_temple_star_quad,
          lightli_sewer_entry_pipes, minmay_unequal
D:5:      layout_gridville, uniq_crazy_yiuf_cottage
D:6:      layout_gridville, minmay_temple_entry_glass, serial_shops,
          kennysheep_little_box
D:7:      layout_basic, lemuel_coloured_pillars_altar, uniq_menkaure
D:8:      layout_loops_cross, nicolae_dithmenos_through_a_glass_darkly,
          gammafunk_temple_overflow_forgotten, serial_ice, serial_ice_l,
          serial_ice_b, serial_ice_a, serial_ice_n, uniq_pikel, uniq_grum
Temple:   minmay_temple_bridge_abc

Skill      XL: |  1  2  3  4  5  6  7  8  9 |
---------------+----------------------------+-----
Shields        | 3 4 5 |  5.0
Short Blades   | 2 3 4 5 6 |  6.2
Armour         | 3 4 6 |  6.7
Dodging        | 1 2 3 4 |  4.8
Fighting       | 4 5 6 |  6.9
Stealth        | 1 |  1.2
Long Blades    | |  0.3

Action                   |  1- 3 |  4- 6 |  7- 9 || total
-------------------------+-------+-------+-------++-------
Melee: Rapier            |    96 |       |       ||    96
       Short sword       |    46 |   169 |   499 ||   714
       Headbutt          |       |    32 |    95 ||   127
       Long sword        |       |       |    20 ||    20
 Cast: Animate Skeleton  |       |       |     1 ||     1
  Use: Potion            |     2 |     4 |     4 ||    10
       Scroll            |     1 |     2 |     7 ||    10
Armor: Scale mail        |    76 |    60 |   107 ||   243
       Skin              |       |     1 |       ||     1
       Chain mail        |       |       |   110 ||   110
Dodge: Dodged            |    41 |    45 |   220 ||   306
Block: Kite shield       |    83 |    87 |       ||   170
       Buckler           |       |     4 |   106 ||   110
       Rpst.: Long sword |       |       |     3 ||     3

Table legend: (Time is in decaauts)
 A = Elapsed time spent in this place.
 B = Non-inter-level travel time spent in this place.
 C = Inter-level travel time spent in this place.
 D = Time resting spent in this place.
 E = Time spent auto-exploring this place.
 F = Levels seen in this place.
 G = Mean time per level.
                   A        B        C        D        E       F      G
               +--------+--------+--------+--------+--------+-----+--------+
         Total |  11046 |  10688 |    358 |   2999 |   5259 |   9 | 1227.3 |
       Dungeon |  10757 |  10399 |    358 |   2999 |   5032 |   8 | 1344.6 |
        Temple |    289 |    289 |      0 |      0 |    227 |   1 |  289.0 |
               +--------+--------+--------+--------+--------+-----+--------+

Top non-repeatable levels by time:
     D:6: 2612 daAuts
     D:2: 1729 daAuts
     D:7: 1461 daAuts
     D:4: 1428 daAuts
     D:1: 1271 daAuts
     D:3: 1225 daAuts
     D:5: 771 daAuts
  Temple: 289 daAuts
     D:8: 257 daAuts
